 Dungeon Crawl Stone Soup version 0.18.1-50-g88ac8fd (webtiles) character file.

174627 theElss the Warrior (level 17, 0/120 HPs)
             Began as a Gargoyle Berserker on Oct 14, 2016.
             Was the Champion of Trog.
             Blown up by an orb spider (40 damage)
             ... with an orb of destruction
             ... on level 2 of the Spider Nest on Oct 15, 2016.
             The game lasted 02:22:32 (38537 turns).

theElss the Warrior (Gargoyle Berserker)           Turns: 38537, Time: 02:22:33

Health: 0/120      AC: 40    Str: 34    XL:     17   Next: 79%
Magic:  21/21      EV: 11    Int:  9    God:    Trog [******]
Gold:   2148       SH:  6    Dex:  9    Spells: 0 memorised, 16 levels left

rFire  . . .     SeeInvis +     L - +4 flail (crush)
rCold  . . .     Gourm    .     U - +3 plate armour {rN+}
rNeg   + + +     Faith    .     q - +0 buckler
rPois  ∞         Spirit   .     Z - +0 helmet {SInv}
rElec  +         Dismiss  .     f - +1 cloak of Qugahusse {*Drain rN+ Str+7}
rCorr  .         Reflect  .     n - +1 pair of gloves
SustAt +         Harm     .     e - +0 pair of boots
MR     ++...                    G - amulet of regeneration
Stlth  ..........               t - ring of protection from magic
                                a - ring of sustain attributes

@: exhausted, flying, slowed, very slow, very resistant to hostile enchantments,
extremely unstealthy
A: big wings, negative energy resistance 1, electricity resistance, unbreathing,
petrification resistance, rot immunity, AC +12
a: Stop Flying, Berserk, Trog's Hand, Brothers in Arms, Burn Spellbooks,
Renounce Religion
}: 1/15 runes: decaying


You were on level 2 of the Spider Nest.
You worshipped Trog.
Trog was exalted by your worship.
You were near starving.

You visited 5 branches of the dungeon, and saw 31 of its levels.
You also visited: Labyrinth and Ice Cave.

You collected 3032 gold pieces.
You spent 884 gold pieces at shops.

Inventory:

Hand Weapons
 E - a +4 antimagic morningstar
 I - a +2 flail of holy wrath
 L - a +4 flail of crushing (weapon)
Armour
 e - a +0 pair of boots (worn)
 f - the +1 cloak of Qugahusse (worn) {*Drain rN+ Str+7}
   (You found it on level 8 of the Lair of Beasts)

   It affects your strength (+7).
   It protects you from negative energy.
   It causes draining when unequipped.
 n - a +1 pair of gloves (worn)
 q - a +0 buckler (worn)
 U - a +3 plate armour of positive energy (worn)
 Z - a +0 helmet of see invisible (worn)
Jewellery
 a - a ring of sustain attributes (left hand)
 p - a +1 ring of protection
 t - a ring of protection from magic (right hand)
 A - an uncursed ring of magical power {unknown}
 C - a +2 amulet of reflection
 F - an uncursed ring of fire
 G - an amulet of regeneration (around neck)
 O - a +3 ring of intelligence {unknown}
Wands
 b - a wand of polymorph (7/24)
 c - a wand of teleportation (4/9)
 d - a wand of confusion (27/48)
 m - a wand of teleportation (7/9)
 w - a wand of digging (7/24)
 B - a wand of iceblast (3/15)
 K - a wand of iceblast (9/15)
Scrolls
 g - 6 scrolls of magic mapping
 k - 6 scrolls of teleportation
 r - 4 scrolls of fear
 s - a scroll of enchant weapon
 z - a scroll of silence
 J - 4 scrolls of fog
 M - 9 scrolls of remove curse
Potions
 i - 7 potions of cancellation
 j - 5 potions of haste
 o - 7 potions of invisibility
 x - 11 potions of curing
Miscellaneous
 u - a phantom mirror
 y - a fan of gales
Comestibles
 h - 7 meat rations
 l - 9 bread rations
 v - a beef jerky
 D - 15 fruits
 N - 4 chunks of flesh
 V - 6 royal jellies


   Skills:
 + Level 18.8 Fighting
 - Level 15.5 Maces & Flails
 - Level 13.6 Armour
 - Level 9.0 Dodging
 - Level 3.1 Stealth
 - Level 11.8 Shields
 * Level 6.4 Evocations


You had 16 spell levels left.
You didn't know any spells.

Dungeon Overview and Level Annotations

Branches:
Dungeon (15/15)            Temple (0/1) D:4            Lair (8/8) D:8
  Swamp (4/4) Lair:6       Spider (2/4) Lair:3        Slime (0/6) Lair:7
    Orc (2/2) D:11            Elf (0/3) Orc:2        Vaults (0/5) D:14
 Depths (0/5) D:15

Altars:
Ashenzari
Cheibriados
Dithmenos
Elyvilon
Fedhas
Gozag
Kikubaaqudgha
Makhleb
Nemelex Xobeh
Okawaru
Qazlal
Ru
Sif Muna
Vehumet
Xom
Zin
Jiyva

Shops:
D:7 ?   D:12 (   D:15 }   Orc:2 =([*

Annotations:
Lair:7 1 runed door


Innate Abilities, Weirdness & Mutations

You are resistant to torment.
Your stone body is resilient (AC +12).
You are immune to poison.
Your large and strong wings let you fly indefinitely.
You resist negative energy.
You are resistant to electric shocks.
You can survive without breathing.
You are immune to petrification.
You are immune to rotting.


Message History

The jumping spider completely misses you.
The jumping spider pounces on you but does no damage.
The jumping spider bites you but does no damage.
You sock the jumping spider!
The jumping spider is severely wounded.
The jumping spider pounces on you. You block the jumping spider's attack.
The jumping spider pounces on you but does no damage.
The jumping spider bites you but does no damage.
You sock the jumping spider!
You kill the jumping spider!
Trog accepts your kill.
The orb spider weaves a glowing orb of energy.
The jumping spider pounces on you but does no damage.
The jumping spider bites you but does no damage.
An orb of destruction comes into view.
The jumping spider leaps! x2
Things that are here:
a wolf spider corpse x2
The orb of destruction hits you!
You die...

........s .^.......
...#?..^#### #.........###
..#.s....#^##
..##.#.§§.....#
#.^^..##§.....###
.#..#.†^§###.†).########
#..#^.##†@...##†...^...#
.#..........#...#......#
#......###........#...#
..#.!.........#..##..#.# #
..#..#...#...........# .
#.....##.........#...# #..
.#..........#.#..#...#
##......#.....#..#.....#.#.#
#..........#...##......#...#


You could see an orb spider.

Vanquished Creatures
  the Lernaean hydra (Swamp:4)
  Frances (D:12)
  2 thorn hunters (Swamp:2)
  The ghost of varam the Fencer, an adept MiHu of Okawaru (Swamp:1)
  A fire giant (D:15)
  An emperor scorpion (Spider:1)
  An orc warlord (Orc:2)
  Nessos (Lair:7)
  The ghost of Tiamat the Bludgeoner, a journeyman OgWr of Okawaru (Orc:2)
  A spark wasp (Spider:1)
  Snorg (Lair:8)
  A minotaur (Lab)
  A great orb of eyes (D:14)
  A yaktaur captain (D:14)
  Fannar (Lair:1)
  The ghost of protoss039 the Blocker, a journeyman MiFi of Okawaru (D:9)
  An ice dragon (D:14)
  Harold (D:11)
  A catoblepas (D:14)
  Erolcha (D:11)
  4 centaur warriors
  19 hydras
  10 alligators
  7 death yaks
  4 orc high priests
  Nergalle (D:10)
  An unseen horror (D:15)
  3 spriggan druids
  3 shambling mangroves
  16 swamp dragons
  5 hill giants
  2 lindwurms
  5 orc knights (Orc:2)
  A deep elf mage (D:14)
  4 hornets
  3 orb spiders
  2 ugly things
  4 orc sorcerers
  11 wolf spiders
  2 griffons
  2 manticores (D:15)
  3 elephants (Lair:8)
  5 cyclopes
  A moth of wrath (Spider:1)
  2 torpor snails
  7 black mambas
  Maurice (Orc:2)
  2 ice statues (IceCv)
  20 spiny frogs
  2 centaur skeletons
  2 gargoyles
  9 komodo dragons
  6 rime drakes
  2 yaktaurs (D:14)
  9 ice devils (IceCv)
  3 trolls
  5 demonic crawlers
  2 queen bees
  12 jumping spiders
  9 giant leeches
  3 polar bears
  19 blink frogs
  2 boulder beetles
  A bog body (Swamp:4)
  15 slime creatures
  A two-headed ogre (Orc:2)
  Sigmund (D:3)
  46 redbacks
  A vampire (D:11)
  A water elemental (D:14)
  5 spriggans
  16 tarantellas
  6 wraiths
  6 wyverns
  3 shadows
  46 yaks
  4 hungry ghosts
  A basilisk (Lair:8)
  A steam dragon (Lair:4)
  9 hippogriffs
  10 vampire mosquitoes
  4 wargs
  Edmund (D:5)
  20 swamp worms
  The ghost of jazmu the Chopper, an amateur GrAK of Lugonu (D:3)
  4 insubstantial wisps (Swamp:1)
  A soldier ant (D:13)
  11 water moccasins
  9 porcupines
  An ice beast (D:7)
  39 orc warriors
  6 sky beasts
  9 swamp drakes
  2 black bears
  12 wasps
  12 wolves
  13 ogres
  8 centaurs
  7 crocodiles
  A big kobold (D:10)
  13 giant frogs
  A gnoll sergeant (D:7)
  3 scorpions
  57 killer bees
  13 wights
  An electric eel (Lair:3)
  6 howler monkeys
  8 crimson imps
  A lava snake (D:14)
  4 centaur zombies
  A wasp zombie (D:11)
  5 hounds
  3 jellies
  17 orc wizards
  12 orc priests
  Crazy Yiuf (D:2)
  4 giant frog skeletons
  7 iguanas
  15 worker ants
  10 sheep
  A hound zombie (D:10)
  3 hound skeletons
  A howler monkey zombie (D:5)
  A worker ant zombie (D:7)
  4 adders
  5 gnolls (D:7)
  30 river rats
  3 shadow imps
  11 white imps
  3 adder skeletons
  An adder zombie (D:3)
  4 worms
  3 dart slugs
  10 giant geckos
  61 orcs
  3 ball pythons
  8 bats
  2 giant cockroaches
  6 goblins
  4 hobgoblins
  5 quokkas
  7 giant newts
  2 jackal skeletons
  8 kobolds
  A quokka zombie (D:3)
  6 rats
  A briar patch (Swamp:2)
966 creatures vanquished.

Vanquished Creatures (collateral kills)
  An orc knight (Orc:2)
  A gargoyle (D:12)
  2 orc warriors (Orc:2)
  9 white imps (D:12)
13 creatures vanquished.

Vanquished Creatures (others)
  Josephine (D:12)
  A cyclops (Orc:2)
  A giant leech (Swamp:1)
  A swamp drake (Swamp:4)
  2 iguanas (Lair:6)
  5 white imps (IceCv)
  4 ufetubi (IceCv)
  A briar patch (Swamp:2)
  17 fungi
  4 plants
37 creatures vanquished.

Grand Total: 1016 creatures vanquished

Notes
Turn   | Place    | Note
--------------------------------------------------------------
     0 | D:1      | theElss the Gargoyle Berserker began the quest for the Orb.
     0 | D:1      | Reached XP level 1. HP: 14/14 MP: 1/1
   202 | D:1      | Reached XP level 2. HP: 16/20 MP: 2/2
   328 | D:1      | Reached skill level 4 in Fighting
   738 | D:2      | Reached XP level 3. HP: 24/24 MP: 3/3
   811 | D:2      | Reached ** piety under Trog
  1177 | D:2      | Noticed Crazy Yiuf
  1184 | D:2      | Killed Crazy Yiuf
  1184 | D:2      | Reached XP level 4. HP: 30/30 MP: 4/4
  1232 | D:2      | Found a faded altar to an unknown god.
  1559 | D:3      | Found a sparkling altar of Nemelex Xobeh.
  1632 | D:3      | Noticed jazmu's ghost (amateur GrAK)
  1678 | D:3      | Killed jazmu's ghost
  1678 | D:3      | Reached skill level 5 in Fighting
  1678 | D:3      | Reached XP level 5. HP: 35/35 MP: 5/5
  1753 | D:3      | Noticed Sigmund
  1765 | D:3      | Killed Sigmund
  1765 | D:3      | Reached XP level 6. HP: 40/40 MP: 6/6
  2283 | D:3      | You fall through a shaft for 2 floors!
  2283 | D:5      | Entered Level 5 of the Dungeon
  2318 | D:5      | Reached XP level 7. HP: 44/44 MP: 7/7
  2546 | D:5      | Found an iron altar of Okawaru.
  2595 | D:4      | Found a staircase to the Ecumenical Temple.
  2646 | D:4      | Reached skill level 5 in Maces & Flails
  2868 | D:4      | Found a white marble altar of Elyvilon.
  2869 | D:4      | Found a glowing silver altar of Zin.
  2871 | D:4      | Found a blossoming altar of Fedhas.
  3410 | D:4      | Reached skill level 5 in Armour
  3509 | D:4      | Found a snail-covered altar of Cheibriados.
  3509 | D:4      | Found a burning altar of Makhleb.
  3517 | D:4      | Found a deep blue altar of Sif Muna.
  3517 | D:4      | Found a shattered altar of Ashenzari.
  3563 | D:4      | Reached *** piety under Trog
  3765 | D:5      | Found a shimmering altar of Xom.
  3766 | D:5      | Noticed a hungry ghost
  3784 | D:5      | Killed a hungry ghost
  3784 | D:5      | Reached skill level 6 in Fighting
  3784 | D:5      | Reached XP level 8. HP: 51/51 MP: 8/8
  3937 | D:5      | Found a stormy altar of Qazlal.
  4024 | D:5      | Found a radiant altar of Vehumet.
  4422 | D:6      | Noticed Edmund
  4448 | D:5      | Killed Edmund
  4790 | D:6      | Reached skill level 7 in Fighting
  4877 | D:6      | Reached XP level 9. HP: 57/57 MP: 9/9
  5574 | D:7      | Found Xeus's Magic Scroll Emporium.
  5656 | D:7      | Found a sacrificial altar of Ru.
  5765 | D:7      | Found a shimmering altar of Xom.
  5904 | D:7      | Reached **** piety under Trog
  6630 | D:8      | Found a staircase to the Lair.
  6651 | D:8      | Reached skill level 8 in Fighting
  6725 | D:8      | Found a shadowy altar of Dithmenos.
  6883 | D:8      | Reached XP level 10. HP: 58/64 MP: 10/10
  6941 | D:8      | Reached skill level 5 in Dodging
  6941 | D:8      | Reached skill level 1 in Stealth
  7342 | D:8      | Found an ancient bone altar of Kikubaaqudgha.
  7640 | D:8      | Noticed a gargoyle
  7659 | D:8      | Killed a gargoyle
  8476 | D:9      | Reached ***** piety under Trog
  8611 | D:10     | Entered Level 10 of the Dungeon
  8627 | D:10     | Reached skill level 9 in Fighting
  8764 | D:10     | Noticed Nergalle
  8828 | D:10     | Killed Nergalle
  9164 | D:10     | Reached XP level 11. HP: 67/71 MP: 11/11
  9337 | D:10     | Noticed a hill giant
  9349 | D:10     | Killed a hill giant
  9361 | D:10     | Received a gift from Trog
  9429 | D:10     | Found an opulent altar of Gozag.
  9552 | D:11     | Reached skill level 10 in Armour
  9570 | D:11     | Reached skill level 10 in Maces & Flails
  9637 | D:11     | Found a labyrinth entrance.
  9660 | Lab      | Entered a labyrinth
 11367 | Lab      | Noticed a minotaur
 11375 | Lab      | Killed a minotaur
 11379 | Lab      | Identified the Incunabulum of Ghastly Transmutation
 11440 | D:11     | Found a staircase to the Orcish Mines.
 11471 | D:11     | Noticed Erolcha
 11494 | D:11     | Killed Erolcha
 11707 | D:11     | Noticed Harold
 11730 | D:11     | Killed Harold
 11730 | D:11     | Reached skill level 10 in Fighting
 11978 | D:11     | Noticed a cyclops
 11990 | D:11     | Killed a cyclops
 12105 | D:11     | Noticed a hill giant
 12117 | D:11     | Killed a hill giant
 12488 | D:11     | Noticed a red ugly thing
 12498 | D:11     | Killed a red ugly thing
 12498 | D:11     | Reached XP level 12. HP: 79/79 MP: 12/12
 12655 | Lair:1   | Entered Level 1 of the Lair of Beasts
 13156 | Lair:1   | Noticed Fannar
 13184 | Lair:1   | Killed Fannar
 13762 | Lair:2   | Reached skill level 11 in Fighting
 14433 | Lair:3   | Received a gift from Trog
 14636 | Lair:3   | Found a hole to the Spider Nest.
 15222 | Lair:3   | Reached skill level 1 in Shields
 15986 | Lair:4   | Got a steaming scale mail
 15997 | Lair:4   | Identified the +6 scale mail of the Desert {MR+ Regen+ Int+5 Slay-2} (You found it on level 4 of the Lair of Beasts)
 16246 | Lair:4   | Noticed a seven-headed hydra
 16258 | Lair:4   | Killed a seven-headed hydra
 16390 | Lair:4   | Reached XP level 13. HP: 67/85 MP: 8/13
 16962 | Lair:4   | Identified the Handbook of Burning Clay
 17476 | Lair:5   | Reached skill level 12 in Fighting
 17521 | Lair:5   | Received a gift from Trog
 18954 | Lair:6   | Reached skill level 5 in Shields
 19046 | Lair:6   | Found a staircase to the Swamp.
 19992 | Lair:7   | Found a runed door.
 19993 | Lair:7   | Found a viscous altar of Jiyva.
 19994 | Lair:7   | Noticed an azure jelly
 19994 | Lair:7   | Noticed an azure jelly
 20010 | Lair:7   | Found a staircase to the Slime Pits.
 20197 | Lair:7   | Noticed Nessos
 20204 | Lair:7   | Killed Nessos
 20550 | Lair:8   | Entered Level 8 of the Lair of Beasts
 20550 | Lair:8   | Noticed Snorg
 20568 | Lair:8   | Killed Snorg
 20574 | Lair:8   | Gained mutation: Your large and strong wings let you fly indefinitely. [Gargoyle growth]
 20574 | Lair:8   | Reached XP level 14. HP: 92/92 MP: 14/14
 20814 | Lair:8   | Received a gift from Trog
 21128 | Lair:8   | Reached ****** piety under Trog
 22252 | Lair:8   | Got an encrusted cloak
 22263 | Lair:8   | Identified the +1 cloak of Qugahusse {*Drain rN+ Str+7} (You found it on level 8 of the Lair of Beasts)
 22514 | D:9      | Noticed protoss039's ghost (journeyman MiFi)
 22617 | D:9      | Killed protoss039's ghost
 22730 | Orc:1    | Entered Level 1 of the Orcish Mines
 22883 | Orc:2    | Entered Level 2 of the Orcish Mines
 22883 | Orc:2    | Found a staircase to the Elven Halls.
 23150 | Orc:2    | Noticed Tiamat's ghost (journeyman OgWr)
 23293 | Orc:2    | Killed Tiamat's ghost
 23293 | Orc:2    | Reached skill level 13 in Fighting
 23494 | Orc:2    | Found Jonoenk's Jewellery Boutique.
 23631 | Orc:2    | Noticed an orc warlord
 23663 | Orc:1    | Received a gift from Trog
 23685 | Orc:2    | Killed an orc warlord
 23839 | Orc:2    | Found Angic's Antique Weapon Shoppe.
 24112 | Orc:2    | Reached XP level 15. HP: 84/98 MP: 15/15
 24136 | Orc:2    | Noticed Maurice
 24141 | Orc:2    | Killed Maurice
 24498 | Orc:2    | Found Ixkolaqu's General Store.
 24506 | Orc:2    | Bought a +0 helmet of see invisible for 149 gold pieces
 24545 | Orc:2    | Found Vobob's Antique Armour Shop.
 24572 | Orc:2    | Paralysed by an orc sorcerer for 5 turns
 24690 | Orc:2    | Bought a pair of boots for 121 gold pieces
 25066 | Orc:2    | Reached skill level 10 in Shields
 25075 | Orc:2    | Received a gift from Trog
 25357 | Orc:2    | Bought a scroll of identify for 26 gold pieces
 25529 | D:7      | Bought a scroll of identify for 24 gold pieces
 25529 | D:7      | Bought a scroll of torment for 90 gold pieces
 25529 | D:7      | Bought a scroll of enchant weapon for 90 gold pieces
 25529 | D:7      | Bought a scroll of enchant weapon for 90 gold pieces
 25529 | D:7      | Bought a scroll of recharging for 114 gold pieces
 25529 | D:7      | Bought a scroll of silence for 90 gold pieces
 25530 | D:7      | Bought a scroll of immolation for 42 gold pieces
 25530 | D:7      | Bought 2 scrolls of identify for 48 gold pieces
 26033 | D:12     | Noticed Frances
 26039 | D:12     | Found a frozen archway.
 26058 | D:12     | Killed Frances
 26188 | IceCv    | Entered an ice cave
 27116 | IceCv    | Identified Miuwnuboi's Incunabulum of Icy Evil
 27135 | IceCv    | Got a polished demon blade
 27376 | D:12     | Found Geeg's Antique Weapon Emporium.
 27402 | D:12     | Noticed Josephine
 27412 | D:12     | Killed Josephine
 27412 | D:12     | Reached skill level 15 in Maces & Flails
 27608 | D:12     | Received a gift from Trog
 28666 | D:14     | Found a gate to the Vaults.
 30112 | D:15     | Entered Level 15 of the Dungeon
 30175 | D:15     | Found Did Egae's Gadget Emporium.
 30188 | D:15     | Reached skill level 14 in Fighting
 30241 | D:15     | Reached XP level 16. HP: 106/106 MP: 16/16
 30298 | D:15     | Found a staircase to the Depths.
 31320 | Swamp:1  | Entered Level 1 of the Swamp
 31347 | Swamp:1  | Noticed varam's ghost (adept MiHu)
 31366 | Swamp:1  | Killed varam's ghost
 31366 | Swamp:1  | Reached skill level 1 in Evocations
 32412 | Swamp:2  | Reached skill level 15 in Fighting
 32583 | Swamp:2  | Noticed a thorn hunter
 32718 | Swamp:2  | Killed a thorn hunter
 33050 | Swamp:2  | Noticed a thorn hunter
 33069 | Swamp:2  | Killed a thorn hunter
 33695 | Swamp:3  | Found an ancient bone altar of Kikubaaqudgha.
 33802 | Swamp:3  | Received a gift from Trog
 33809 | Swamp:3  | Reached skill level 16 in Fighting
 35083 | Swamp:4  | Entered Level 4 of the Swamp
 35347 | Swamp:4  | Reached skill level 5 in Evocations
 35350 | Swamp:4  | Reached XP level 17. HP: 102/116 MP: 20/20
 35397 | Swamp:4  | Noticed the 27-headed Lernaean hydra
 35489 | Swamp:4  | Reached skill level 17 in Fighting
 35529 | Swamp:4  | Killed the 27-headed Lernaean hydra
 36121 | Swamp:4  | Got a decaying rune of Zot
 36302 | Lair:6   | Received a gift from Trog
 36498 | Spider:1 | Entered Level 1 of the Spider Nest
 37134 | Spider:1 | Reached skill level 18 in Fighting
 38430 | Spider:2 | Received a gift from Trog
 38537 | Spider:2 | Blown up by an orb spider

Skill      XL: |  1  2  3  4  5  6  7  8  9 10 11 12 13 14 15 16 17 |
---------------+----------------------------------------------------+-----
Fighting       | 4 5 6 7 8 9 10 11 12 13 14 16 18 | 18.8
Maces & Flails | 4 5 6 8 9 11 12 13 14 15 | 15.5
Armour         | 3 4 5 6 8 9 11 12 13 | 13.6
Dodging        | 2 3 4 5 6 7 8 9 |  9.0
Stealth        | 1 2 3 |  3.1
Shields        | 3 6 9 11 | 11.8
Evocations     | 5 6 |  6.4

Action                   |  1- 3 |  4- 6 |  7- 9 | 10-12 | 13-15 | 16-18 || total
-------------------------+-------+-------+-------+-------+-------+-------++-------
Melee: Mace              |   103 |    79 |   240 |       |       |       ||   422
       Flail             |       |       |   208 |  1093 |  2580 |  1391 ||  5272
       Dire flail        |       |       |       |    55 |       |       ||    55
Invok: Berserk           |     1 |     2 |     4 |    21 |    21 |     9 ||    58
       Trog's Hand       |       |       |       |     4 |       |     1 ||     5
       Brothers in Arms  |       |       |       |       |     2 |       ||     2
 Abil: Stop Flying       |       |       |       |       |     2 |       ||     2
       Evoke Flight      |       |       |       |       |     2 |       ||     2
       Fly               |       |       |       |       |     1 |     3 ||     4
  Use: Scroll            |       |       |     6 |     7 |     7 |     5 ||    25
       Potion            |       |       |       |       |     2 |     1 ||     3
 Stab: Distracted        |       |       |       |       |     1 |       ||     1
       Confused          |       |       |       |       |       |     1 ||     1
  Eat: Chunk             |     1 |     7 |    18 |    44 |    67 |    32 ||   169
       Meat ration       |       |       |     1 |     1 |       |       ||     2
       Fruit             |       |       |     1 |     1 |     4 |     1 ||     7
       Beef jerky        |       |       |     1 |       |     1 |       ||     2
       Royal jelly       |       |       |       |     1 |       |     1 ||     2
       Pizza             |       |       |       |     1 |     2 |     1 ||     4
Armor: Chain mail        |    76 |    63 |   341 |   175 |       |       ||   655
       Animal skin       |     3 |       |       |       |       |       ||     3
       Plate armour      |       |       |       |   483 |   558 |  1256 ||  2297
       Scale mail        |       |       |       |    46 |   724 |       ||   770
Dodge: Dodged            |    50 |    37 |   254 |   483 |  1071 |   694 ||  2589
Block: Buckler           |       |       |       |    37 |   666 |   418 ||  1121
       Reflection        |       |       |       |       |    10 |       ||    10
